Map: Submarine LE

Players

TchiTchi

  • Race: Terran Terran
  • League: Platinum
  • Spawn Location: 5:00

Massa - Winner!

  • Race: Terran Terran
  • League: Platinum
  • Spawn Location: 11:00

VOD

Have the link to the VOD?

Description

Time

  • Played on: Oct. 24, 2020, 4:37 p.m.
  • Length: 16:31
Show
View Real Time Build Order
Export as new Build Order

TchiTchi Terran 

Build Orders:  

Get SALT Encoding   

  12  0:00  SCV  
  13  0:12  SCV  
  14  0:17  Supply Depot  
  14  0:24  SCV  
  15  0:38  SCV  
  15  0:39  Barracks  
  16  0:47  Refinery  
  16  0:50  SCV  
  17  1:03  SCV  
  18  1:15  SCV  
  19  1:27  Marine  
  19  1:28  Orbital Command  
  20  1:44  Marine  
  21  1:55  Command Center  
  21  1:58  SCV  
  22  2:05  Factory  
  22  2:10  SCV  
  22  2:13  Supply Depot  
  23  2:16  Barracks Reactor  
  23  2:25  Bunker  
  23  2:35  SCV  
  22  2:58  Marine  
  22  2:59  Marine  
  22  3:00  Factory Tech Lab  
  22  3:03  Starport  
  24  3:06  Refinery  
  24  3:11  SCV  
  25  3:15  Refinery  
  25  3:16  Orbital Command  
  25  3:24  Marine  
  25  3:25  Marine  
  27  3:37  SCV  
  27  3:40  Starport Tech Lab  
  28  3:43  Siege Tank  
  31  3:49  SCV  
  32  3:56  SCV  
  33  4:23  SCV x2  
  38  4:32  Fusion Core  
  38  4:33  Viking  
  38  4:35  SCV  
  38  4:36  Siege Tank  
  41  4:40  Supply Depot  
  41  4:45  Fusion Core  
  41  4:47  SCV  
  41  4:51  Refinery  
  42  5:10  SCV x2  
  44  5:16  Armory  
  44  5:25  SCV  
  44  5:26  SCV  
  46  5:35  Battlecruiser  
  52  5:48  Starport  
  52  5:51  SCV x2  
  54  6:03  Supply Depot  
  54  6:09  SCV  
  41  6:20  Siege Tank  
  39  6:36  SCV x2  
  41  6:45  Starport Tech Lab  
  41  6:48  SCV  
  42  7:09  SCV x2  
  44  7:21  SCV  
  45  7:25  SCV  
  46  7:31  Command Center  
  46  7:33  SCV  
  44  7:46  SCV x2  
  44  7:49  Battlecruiser  
  52  7:55  Terran Ship Weapons Level 1  
  52  7:58  SCV  
  53  8:11  Battlecruiser  
  53  8:12  Supply Depot  
  59  8:13  SCV x2  
  61  8:31  Drilling Claws  
  61  8:34  Widow Mine  
  61  8:40  Supply Depot, SCV x2  
  65  8:44  Orbital Command  
  65  8:58  Engineering Bay  
  65  9:00  Battlecruiser  
  65  9:02  SCV x2  
  73  9:09  Supply Depot  
  73  9:10  Supply Depot  
  73  9:14  SCV x2  
  75  9:24  Orbital Command  
  75  9:26  SCV  
  76  9:43  SCV x2  
  78  9:55  SCV  
  78  9:56  Starport, Terran Vehicle And Ship Armor Level 1  
  79  10:01  Battlecruiser  
  79  10:02  Armory  
  79  10:04  Widow Mine  
  79  10:05  Widow Mine  
  89  10:07  SCV x3  
  92  10:19  SCV  
  92  10:21  SCV x2  
  95  10:26  Refinery  
  95  10:29  Refinery  
  95  10:30  Widow Mine  
  95  10:31  Supply Depot, SCV, Widow Mine  
  95  10:32  Supply Depot  
  95  10:33  SCV  
  101  10:42  SCV  
  102  10:43  SCV  
  102  10:45  SCV  
  104  10:52  Battlecruiser  
  104  10:54  Supply Depot, SCV  
  104  10:55  SCV  
  112  10:57  SCV  
  112  10:58  Battlecruiser  
  112  11:01  Terran Ship Weapons Level 2  
  119  11:08  SCV x2  
  119  11:09  SCV  
  122  11:20  SCV x2  
  122  11:21  SCV, Widow Mine x2  
  129  11:27  Battlecruiser  
  129  11:29  Supply Depot  
  129  11:30  Supply Depot  
  129  11:32  Supply Depot  
  135  11:36  Command Center, SCV  
  135  11:37  SCV x2  
  138  11:46  Widow Mine x2  
  142  11:48  SCV  
  142  11:53  Terran Vehicle And Ship Armor Level 2  
  143  11:57  Battlecruiser, SCV x2  
  151  12:07  Widow Mine x2  
  155  12:11  Battlecruiser  
  161  12:17  SCV x2  
  161  12:18  SCV  
  164  12:24  Supply Depot  
  164  12:25  Supply Depot  
  164  12:27  Supply Depot  
  164  12:29  Widow Mine  
  168  12:30  Widow Mine  
  168  12:45  Battlecruiser  
  174  13:07  Battlecruiser  
  174  13:10  Widow Mine x2  
  184  13:18  Command Center  
  184  13:20  Starport  
  184  13:22  Terran Ship Weapons Level 3  
  184  13:26  Factory  
  165  14:02  Widow Mine x2  
  167  14:03  Battlecruiser x2  
  179  14:15  Factory Tech Lab  
  177  14:19  Starport Tech Lab  
  164  15:11  Thor  
  164  15:13  Battlecruiser  
  169  15:14  Battlecruiser  
Show
View Real Time Build Order
Export as new Build Order

Massa Terran - Winner!

Build Orders: Reaper Expand 

Get SALT Encoding   

  12  0:00  SCV  
  13  0:12  SCV  
  14  0:19  Supply Depot  
  14  0:24  SCV  
  15  0:40  SCV  
  15  0:42  Barracks  
  16  0:49  Refinery  
  16  0:53  SCV  
  17  1:05  SCV  
  18  1:17  SCV  
  19  1:32  Orbital Command  
  19  1:35  Reaper  
  20  1:43  Command Center  
  19  2:07  Marine  
  20  2:11  SCV  
  21  2:24  Supply Depot  
  21  2:49  Factory  
  21  3:00  Orbital Command  
  21  3:01  SCV  
  21  3:03  Barracks Reactor  
  22  3:10  Command Center  
  22  3:13  SCV  
  22  3:18  Supply Depot, Engineering Bay  
  23  3:20  Refinery  
  23  3:25  SCV x2  
  25  3:37  Starport, Factory Tech Lab, SCV  
  25  3:38  SCV  
  25  3:39  Marine  
  25  3:41  Marine  
  29  3:49  SCV  
  29  3:50  SCV  
  31  3:57  Marine  
  31  3:59  Marine  
  33  4:22  Missile Turret  
  33  4:25  Missile Turret  
  33  4:28  Missile Turret  
  33  4:30  Missile Turret  
  33  4:31  SCV  
  33  4:32  Orbital Command, SCV  
  33  4:36  Marine x2  
  37  4:42  Medivac  
  37  4:43  SCV  
  37  4:44  SCV  
  41  4:46  Siege Tank  
  44  4:54  Marine x2  
  44  4:56  SCV x2  
  44  4:59  Terran Infantry Weapons Level 1  
  48  5:02  SCV  
  49  5:08  SCV x2  
  49  5:12  Marine  
  49  5:13  Barracks  
  49  5:14  SCV  
  53  5:20  SCV x2  
  55  5:21  Viking  
  57  5:28  Marine  
  57  5:29  Marine  
  59  5:36  SCV x3  
  59  5:37  Barracks  
  62  5:46  Marine  
  62  5:47  Marine, Refinery  
  62  5:48  Refinery, SCV x3  
  67  6:00  Barracks Tech Lab  
  67  6:04  Marine  
  67  6:05  Marine  
  69  6:42  Orbital Command  
  69  6:48  Barracks Reactor  
  69  6:56  Supply Depot x2  
  69  6:57  Supply Depot, Missile Turret x3  
  69  7:04  Supply Depot  
  69  7:05  Supply Depot  
  69  7:07  Starport Reactor  
  69  7:17  Marine x2  
  69  7:18  Cyclone, Marauder, SCV x3  
  79  7:27  Supply Depot  
  79  7:28  Supply Depot  
  79  7:30  SCV x3  
  79  7:35  Marine x2  
  78  7:39  Marauder  
  78  7:40  Stimpack  
  78  7:44  Missile Turret  
  76  7:45  Missile Turret  
  76  7:47  Missile Turret  
  76  7:48  Missile Turret  
  76  7:49  Missile Turret  
  76  7:50  Missile Turret, Siege Tank  
  79  7:52  Supply Depot  
  79  7:53  Marine x2  
  79  7:54  Missile Turret, Marine  
  79  7:55  Marine  
  83  8:01  Marauder  
  83  8:02  Barracks  
  85  8:11  Marine x2  
  85  8:12  Missile Turret, Marine x2  
  88  8:15  SCV x3  
  92  8:21  Missile Turret  
  92  8:22  Marauder  
  92  8:23  Siege Tank  
  97  8:27  SCV x3  
  97  8:28  Viking x2  
  97  8:29  Marine  
  97  8:30  Marine x2  
  107  8:39  SCV  
  108  8:43  Marauder  
  108  8:44  Terran Infantry Armor Level 1  
  108  8:48  Command Center, Marine x2, Armory  
  111  8:52  Refinery  
  111  8:54  Refinery  
  112  8:58  Medivac x2  
  116  9:05  Marauder  
  118  9:14  SCV x3  
  121  9:26  SCV x3  
  121  9:28  Viking x2  
  128  9:38  SCV x2  
  129  9:44  SCV  
  131  9:50  SCV x2  
  133  9:59  Supply Depot  
  133  10:00  Viking x2, Supply Depot x2, Marauder, Marine x4, SCV  
  133  10:02  Supply Depot x2, SCV  
  133  10:03  Supply Depot x3, SCV  
  133  10:04  Missile Turret  
  133  10:05  Missile Turret  
  133  10:06  Missile Turret  
  146  10:09  Orbital Command  
  146  10:12  SCV  
  147  10:14  SCV  
  147  10:21  Marine x4  
  152  10:22  Marauder  
  152  10:24  Thor  
  152  10:26  Supply Depot  
  152  10:28  Supply Depot, Missile Turret x2  
  160  10:30  Viking  
  160  10:34  Factory  
  162  10:38  Marine x2  
  162  10:39  Sensor Tower  
  164  10:43  Marauder, Sensor Tower  
  164  10:47  Refinery, SCV  
  164  10:48  Refinery, SCV x3  
  170  10:50  Missile Turret  
  170  10:52  Missile Turret  
  170  10:54  Viking  
  170  10:55  Marine  
  170  10:56  Marine x3  
  176  10:58  Barracks Reactor  
  176  10:59  SCV  
  176  11:00  Viking, SCV x3  
  182  11:04  Marauder, Terran Vehicle Weapons Level 1, Terran Infantry Armor Level 2  
  182  11:06  Thor  
  190  11:11  Engineering Bay, SCV  
  190  11:13  Marine x2  
  190  11:14  Marine x2  
  195  11:24  Viking  
  197  11:26  Marauder  
  197  11:31  Factory Reactor  
  199  11:33  Factory Tech Lab  
  199  11:37  Command Center  
  199  11:43  Combat Shield  
  199  11:50  Terran Infantry Weapons Level 2  
  199  11:59  Armory  
  199  12:15  Missile Turret  
  199  12:18  Missile Turret  
  199  12:19  Missile Turret x2  
  199  12:21  Missile Turret  
  199  12:23  Missile Turret x2  
  199  12:24  Missile Turret  
  199  12:31  Command Center  
  199  12:33  Armory  
  199  12:39  Missile Turret  
  199  12:41  Missile Turret  
  199  13:00  Planetary Fortress  
  199  13:01  Concussive Shells  
  199  13:04  Refinery  
  199  13:06  Refinery  
  199  13:17  Command Center  
  188  14:38  Thor x2  
  200  14:58  Missile Turret, Planetary Fortress  
  192  15:17  Missile Turret  
  192  15:30  Viking x2  
  192  15:37  Missile Turret  
  186  15:46  Thor x2  
  198  15:58  Missile Turret  
  198  16:00  Viking  
  185  16:17  Missile Turret  
Tags
 
Matchup
TvT
Race
Terran
Replay Pack
Multiplayer
Spawn Locations
Cross Positions
Add a new tag
Caveats
  • Supply blocks, unpowered buildings, or Contaminate may cause inaccurate times.
  • Supply counts are checked every 10 seconds.